 Dungeon Crawl Stone Soup version 0.27.0-1-g7a089689b8 (webtiles) character file.

Game seed: 1457258022445087435

1887 Majang the Chopper (level 9, -6/71 HPs)
             Began as a Formicid Fighter on Aug 2, 2021.
             Was a Follower of Dithmenos.
             Mangled by a hornet (12 damage)
             ... on level 7 of the Dungeon.
             The game lasted 00:28:39 (7544 turns).

Majang the Chopper (Formicid Fighter)               Turns: 7544, Time: 00:28:40

Health: -6/71      AC: 11    Str: 23    XL:     9   Next: 37%
Magic:  11/11      EV:  7    Int:  9    God:    Dithmenos [*.....]
Gold:   152        SH: 10    Dex: 10    Spells: 8/8 levels left

rFire    . . .     SeeInvis +   b - +2 hand axe (flame)
rCold    . . .     Faith    .   c - +0 kite shield
rNeg     . . .     Spirit   .   B - +0 chain mail
rPois    +         Reflect  .   (helmet unavailable)
rElec    .         Harm     .   u - +0 cloak
rCorr    .         Rampage  .   (no gloves)
Will     .....                  (no boots)
Stlth    ..........             (no amulet)
HPRegen  0.21/turn              o - ring of poison resistance
MPRegen  0.12/turn              (no ring)

@: wreathed by umbra
A: permanent stasis, dig shafts and tunnels, antennae 3, four strong arms
a: Dig, Shaft Self, Renounce Religion


You were on level 7 of the Dungeon.
You worshipped Dithmenos.
Dithmenos was aware of your devotion.
You visited 2 branches of the dungeon, and saw 8 of its levels.

You collected 360 gold pieces.
You spent 208 gold pieces at shops.

Inventory:

Hand Weapons
 a - a +0 war axe
 b - a +2 hand axe of flaming (weapon)
 s - a +0 flail
 v - a +4 quarterstaff of chaos
Missiles
 p - 35 poisoned darts
 A - a throwing net
Armour
 c - a +0 kite shield (worn)
 u - a +0 cloak (worn)
 B - a +0 chain mail (worn)
 D - a +0 scale mail
Jewellery
 o - a ring of poison resistance (left hand)
 y - a +6 ring of intelligence
 F - a +6 ring of strength
Wands
 d - a wand of digging (7)
 f - a wand of flame (22)
 g - a wand of charming (5)
Scrolls
 e - 2 scrolls of amnesia
 h - 6 scrolls of identify {unknown}
 i - a scroll of vulnerability {unknown}
 j - a scroll of holy word {unknown}
 k - a scroll of noise {unknown}
 l - 3 scrolls of teleportation {unknown}
 n - 4 scrolls of immolation
 q - a scroll of fog {unknown}
 t - a scroll of blinking {unknown}
 E - a scroll of magic mapping {unknown}
Potions
 m - 2 potions of curing
 r - a potion of degeneration
 w - a potion of mutation {unknown}
 x - a potion of magic {unknown}
 z - a potion of flight
 C - a potion of attraction {unknown}


   Skills:
 + Level 6.4 Fighting
 * Level 7.4 Axes
 + Level 3.1 Throwing
 + Level 4.9 Armour
 + Level 2.8 Dodging
 + Level 5.5 Shields
 + Level 3.3 Invocations


You had 8 spell levels left.
You didn't know any spells.
Your spell library contained the following spells:

 Spells                   Type           Power      Damage    Failure   Level
 Summon Forest            Summ/Tloc      0%         N/A       100%        5
 Summon Mana Viper        Hex/Summ       0%         N/A       100%        5
 Shadow Creatures         Summ           N/A        N/A       100%        6


Dungeon Overview and Level Annotations

Branches:
Dungeon (7/15)             Temple (1/1) D:4

Altars:
Ashenzari
Dithmenos
Elyvilon
Fedhas
Gozag
Hepliaklqana
Makhleb
Nemelex Xobeh
Okawaru
Qazlal
Trog
Uskayaw
Wu Jian
Xom
Yredelemnul
Zin
The Shining One

Shops:
D:7 (*

Annotations:
D:4 Pikel
D:6 1 transporter


Innate Abilities, Weirdness & Mutations

You cannot be hasted, slowed, berserked, paralysed or teleported.
You can dig through walls and to a lower floor.
You have a pair of large antennae on your head. (SInv)
Your four strong arms can wield two-handed weapons with a shield.


Message History

The hornet stings you but does no damage.
You miss the hornet. The hornet stings you. You block the hornet's attack.
You hit the hornet. You burn the hornet.
The hornet is lightly wounded.
The hornet barely misses you.
Your shield and chain mail prevent you from hitting the hornet.
The hornet is lightly wounded.
You block the hornet's attack. The hornet stings you.
Your stasis prevents you from being slowed.
You hit the hornet but do no damage.
The hornet is lightly wounded.
You block the hornet's attack.
You miss the hornet.
The hornet is lightly wounded.
The hornet stings you!
Your stasis prevents you from being slowed.
You block the hornet's attack.
You barely miss the hornet.
The hornet is lightly wounded.
The hornet stings you.
You closely miss the hornet.
The hornet is lightly wounded.
You block the hornet's attack. The hornet closely misses you.
You hit the hornet. You burn the hornet.
The hornet is lightly wounded.
The hornet stings you.
Your shield prevents you from hitting the hornet.
The hornet is lightly wounded.
The hornet stings you!
* * * LOW HITPOINT WARNING * * *
The hornet barely misses you.
You miss the hornet.
The hornet is lightly wounded.
The hornet stings you!
* * * LOW HITPOINT WARNING * * *
Unknown command.
Okay, then.
Are you sure you want to shaft yourself?
The hornet stings you!
You die...

##### #...# #...# #...####
#..<##.## #######...###)#
#....##...##@##
##.#.......y##
#####.....#...#.####
........###...#>...#######
........# ##..............
........#####..##.........
........#.......#.∩.......
............∩...#.........
.......>.....(..#####...>#


You could see a hornet.

Vanquished Creatures
  Sigmund (D:2)
  A black bear (D:4)
  A necrophage (D:7)
  2 ogres
  A centaur (D:5)
  2 lemures (D:4)
  A kobold brigand (D:6)
  2 phantoms
  2 bullfrogs (D:6)
  3 scorpions
  A wyvern zombie (D:5)
  A water moccasin zombie (D:6)
  4 howler monkeys (D:7)
  A jelly (D:3)
  Crazy Yiuf (D:4)
  4 hounds
  An orc wizard (D:7)
  An iguana (D:6)
  6 gnolls
  9 adders
  A shadow imp (D:7)
  A white imp (D:6)
  An adder skeleton (D:4)
  2 worms
  2 dart slugs
  7 orcs
  7 bats
  5 endoplasms
  12 giant cockroaches
  7 goblins
  4 hobgoblins
  15 jackals
  14 kobolds
  5 quokkas
  7 ball pythons
  4 frilled lizards
  5 rats
144 creatures vanquished.

Vanquished Creatures (others)
  9 plants
9 creatures vanquished.

Grand Total: 153 creatures vanquished

Notes
Turn   | Place    | Note
-------+----------+-------------------------------------------
     0 | D:1      | Majang the Formicid Fighter began the quest for the Orb.
     0 | D:1      | Reached XP level 1. HP: 18/18 MP: 1/1
   139 | D:1      | Reached XP level 2. HP: 24/24 MP: 2/2
   282 | D:1      | Reached XP level 3. HP: 27/30 MP: 3/3
   287 | D:1      | Reached skill level 3 in Axes
   844 | D:2      | Reached XP level 4. HP: 37/37 MP: 4/4
  1586 | D:2      | Reached skill level 4 in Axes
  1598 | D:2      | Reached XP level 5. HP: 42/42 MP: 5/5
  1607 | D:2      | Noticed Sigmund
  1749 | D:2      | Killed Sigmund
  1750 | D:2      | Reached skill level 5 in Axes
  1750 | D:2      | Reached XP level 6. HP: 39/50 MP: 6/6
  1980 | D:3      | Reached skill level 5 in Fighting
  2236 | D:3      | Found a faded altar of an unknown god.
  2653 | D:3      | Reached XP level 7. HP: 40/56 MP: 7/7
  2979 | D:3      | Found a white marble altar of Elyvilon.
  3236 | D:4      | Found a staircase to the Ecumenical Temple.
  3242 | Temple   | Entered the Ecumenical Temple
  3300 | D:4      | Found a stormy altar of Qazlal.
  3301 | D:4      | Noticed a water elemental
  3301 | D:4      | Noticed an air elemental
  3301 | D:4      | Noticed a fire elemental
  3387 | D:4      | Found a burning altar of Makhleb.
  3499 | D:4      | Noticed Pikel
  3768 | D:4      | HP: 2/56 [black bear (5)]
  3770 | D:4      | Reached skill level 1 in Throwing
  3770 | D:4      | Reached skill level 1 in Dodging
  4664 | D:4      | Found a runed translucent door.
  4665 | D:4      | Noticed Crazy Yiuf
  4673 | D:4      | Killed Crazy Yiuf
  4763 | D:4      | Found a shadowy altar of Dithmenos.
  4778 | D:4      | Became a worshipper of Dithmenos the Shadowed
  4930 | D:5      | Entered Level 5 of the Dungeon
  5057 | D:5      | Found a hazy altar of Hepliaklqana.
  5092 | D:5      | Reached skill level 6 in Axes
  5468 | D:4      | You fall into a shaft and drop 3 floors!
  5771 | D:6      | Found a shimmering altar of Xom.
  5793 | D:6      | Reached XP level 8. HP: 42/63 MP: 8/8
  5827 | D:6      | Reached skill level 1 in Invocations
  6030 | D:6      | Found a sparkling altar of Nemelex Xobeh.
  6030 | D:6      | Found a transporter.
  6030 | D:6      | Noticed a vampire
  6031 | D:6      | Noticed a yak
  6346 | D:5      | Found a blossoming altar of Fedhas.
  6958 | D:6      | Reached skill level 5 in Shields
  6966 | D:6      | Reached skill level 7 in Axes
  6966 | D:6      | Reached XP level 9. HP: 60/69 MP: 10/10
  7277 | D:7      | Found Oxugry's General Store.
  7278 | D:7      | Found Foiqar's Hydra Hut.
  7312 | D:7      | Noticed a seven-headed hydra
  7316 | D:7      | Bought a +2 hand axe of flaming for 208 gold pieces
  7347 | D:7      | Reached * piety under Dithmenos
  7528 | D:7      | Noticed a hornet
  7544 | D:7      | Mangled by a hornet

Illustrated notes

Levels and vault maps discovered:
D:1:      minmay_arrival_arboretum_small, layout_basic, minmay_distorted
D:2:      layout_basic, feat_on_display, uniq_sigmund
D:3:      minmay_roachtagon, layout_basic, mainiacjoe_overflow_brackets,
          basic_ecumenical_altar, minmay_misc_feat_four_crosses, glass_columns_c
D:4:      layout_basic, nicolae_qazlal_style_of_elements,
          lemuel_coloured_pillars_altar, general_overflow_altar,
          minmay_temple_entry_overgrown, uniq_pikel, uniq_crazy_yiuf_cottage
D:5:      layout_cave_pods, kennysheep_mini_moat, lemuel_round_altar
D:6:      layout_gridville, grunt_nemelex_the_gamble, xom_teletrap_fun
D:7:      layout_rooms, serial_shops, shop, chequers_mini_garden,
          kennysheep_another_room, doesnt_shop_hydraphobe
Temple:   jpeg_temple_island

Skill      XL: |  1  2  3  4  5  6  7  8  9 |
---------------+----------------------------+-----
Axes           | 3 4 5 6 7 |  7.4
Fighting       | 4 5 6 |  6.4
Throwing       | 1 2 3 |  3.1
Dodging        | 1 2 |  2.8
Shields        | 4 5 |  5.5
Armour         | 4 |  4.9
Invocations    | 2 3 |  3.3

Action                   |  1- 3 |  4- 6 |  7- 9 || total
-------------------------+-------+-------+-------++-------
Melee: War axe           |   112 |   136 |   234 ||   482
       Hand axe          |       |       |    72 ||    72
 Abil: Dig               |       |     5 |     9 ||    14
       Shaft Self        |       |       |     2 ||     2
Evoke: Wand              |       |       |     2 ||     2
  Use: Potion            |       |     1 |     5 ||     6
       Scroll            |       |       |     2 ||     2
Armor: Scale mail        |    62 |    36 |    76 ||   174
       Chain mail        |       |       |    16 ||    16
Dodge: Dodged            |    38 |    47 |    85 ||   170
Block: Kite shield       |    60 |    62 |   139 ||   261
